 Dungeon Crawl Stone Soup version 0.20-a0-151-g755e310 (webtiles) character file.

31 esc the Magician (level 3, -2/20 HPs)
             Began as a Deep Elf Fire Elementalist on Nov 11, 2016.
             Killed from afar by Sigmund (10 damage)
             ... with a puff of flame
             ... on level 2 of the Dungeon on Nov 22, 2016.
             The game lasted 00:03:56 (882 turns).

esc the Magician (Deep Elf Fire Elementalist)        Turns: 882, Time: 00:03:57

Health: -2/20      AC:  2    Str:  5    XL:     3   Next: 7%
Magic:  3/10       EV: 13    Int: 20    God:
Gold:   31         SH:  0    Dex: 15    Spells: 8/9 levels left

rFire  . . .     SeeInvis .     l - +0 dagger
rCold  . . .     Gourm    .     a - +0 robe
rNeg   . . .     Faith    .     (no shield)
rPois  .         Spirit   .     (no helmet)
rElec  .         Reflect  .     (no cloak)
rCorr  .         Harm     .     (no gloves)
MR     .....                    (no boots)
Stlth  ++........               (no amulet)
                                (no ring)
                                (no ring)

@: very slightly contaminated
A: no striking features
a: no special abilities


You were on level 2 of the Dungeon.
You were not hungry.

You visited 1 branch of the dungeon, and saw 2 of its levels.

You collected 31 gold pieces.

Inventory:

Hand Weapons
 l - a +0 dagger (weapon)
   (You took it off a kobold on level 1 of the Dungeon)
Missiles
 d - 73 stones (quivered)
Armour
 a - a +0 robe (worn)
Scrolls
 f - a scroll of amnesia {unknown}
 g - a scroll of random uselessness {unknown}
 h - a scroll of immolation {unknown}
 i - 3 scrolls of enchant armour {unknown}
 j - a scroll of enchant weapon {unknown}
 o - a scroll of teleportation {unknown}
 p - a scroll of remove curse {unknown}
Potions
 e - a potion of cure mutation {unknown}
 k - a potion of might {unknown}
Books
 b - a book of Flames
Comestibles
 c - 2 bread rations {@e1}
 m - a slice of pizza
 n - a chunk of flesh {@w0}


   Skills:
 + Level 0.7 Fighting
 + Level 2.8 Dodging
 - Level 2.4 Stealth
 + Level 3.5 Spellcasting
 + Level 1.5 Conjurations
 + Level 3.5 Fire Magic


You had 8 spell levels left.
You knew the following spells:

 Your Spells              Type           Power        Failure   Level  Hunger
a - Flame Tongue          Conj/Fire      ##...        6%          1    None


Dungeon Overview and Level Annotations

Branches:
Dungeon (2/15)

Altars:

Annotations:
D:2 Sigmund


Message History

Unknown command.
Unknown command.
Unknown command.
You see here 13 arrows.
Done exploring.
Done exploring.
There is a stone staircase leading down here.
You climb downwards.
There is a stone staircase leading up here.
A bat comes into view.
You can't see any susceptible monsters within range! (Use Z to cast anyway.)
Aim: a bat (resting)
The flame tongue hits the bat.
You kill the bat!
You now have 7/8 mp.
You can't see any susceptible monsters within range! (Use Z to cast anyway.)
d - 73 stones (gained 23)
p - a scroll labeled PANTIF NECH MP restored: 8
Found an escape hatch in the ceiling.
No target in view!
A quokka comes into view.
There is an escape hatch in the ceiling here.
Aim: a quokka (resting)
The flame tongue hits the quokka.
The quokka appears unharmed.
You now have 7/8 mp.
Aim: a quokka The flame tongue hits the quokka.
The quokka bites you but does no damage.
You now have 6/8 mp.
Aim: a quokka (severely wounded)
The flame tongue hits the quokka.
The quokka closely misses you.
You now have 5/8 mp.
Aim: a quokka (almost dead)
The flame tongue hits the quokka.
You kill the quokka!
You have reached level 3!
Your experience leads to an increase in your attributes!
Increase (S)trength, (I)ntelligence, or (D)exterity?
You feel clever.
Health restored: 20 You start resting.
All of the chunks of flesh in your inventory have rotted away.
MP restored: 10 A leopard gecko comes into view.
Aim: a leopard gecko (clinging, resting)
The flame tongue hits the leopard gecko.
You kill the leopard gecko!
You now have 9/10 mp.
You see here a leopard gecko corpse.
You butcher the leopard gecko corpse.
n - a chunk of flesh {@w0} Sigmund the Dreaded comes into view.
He is wielding a scythe.
Sigmund casts a spell at you. The magic dart hits you!
You take 3 damage, and have 17/20 hp.
MP restored: 10 Sigmund gestures at you while chanting.
The puff of flame misses you.
Aim: Sigmund, wielding a scythe and wearing an embroidered robe The flame tongue hits Sigmund.
Sigmund appears unharmed.
You now have 9/10 mp.
Aim: Sigmund, wielding a scythe and wearing an embroidered robe The flame tongue hits Sigmund.
You now have 8/10 mp.
Aim: Sigmund, wielding a scythe and wearing an embroidered robe (moderately wounded)
The flame tongue misses Sigmund.
Sigmund closely misses you.
You now have 7/10 mp.
Aim: Sigmund, wielding a scythe and wearing an embroidered robe (moderately wounded)
You miscast Flame Tongue.
You are very lightly contaminated with residual magic.
You feel uncomfortably hot.
Sigmund hits you from afar with a scythe.
You take 5 damage, and have 12/20 hp.
MASSIVE DAMAGE!!
You now have 6/10 mp.
Aim: Sigmund, wielding a scythe and wearing an embroidered robe (moderately wounded)
The flame tongue hits Sigmund.
Sigmund appears unharmed.
Sigmund gestures at you while chanting. You resist with some effort.
You now have 5/10 mp.
Aim: Sigmund, wielding a scythe and wearing an embroidered robe (moderately wounded)
The flame tongue hits Sigmund.
You now have 4/10 mp.
Sigmund casts a spell at you. The magic dart hits you!
You take 5 damage, and have 8/20 hp.
MASSIVE DAMAGE!!
Aim: Sigmund, wielding a scythe and wearing an embroidered robe (severely wounded)
The flame tongue hits Sigmund.
Sigmund points at you and mumbles some strange words.
You resist with some effort.
You now have 4/10 mp.
Aim: Sigmund, wielding a scythe and wearing an embroidered robe (severely wounded)
You miscast Flame Tongue.
Strange energies run through your body.
Sigmund points at you and mumbles some strange words.
The puff of flame hits you!
Ouch! That really hurt!
You die...

#####.#.....#
#.#
....#.#####.#
#.#
.#........#.#
#.#
.####.###.###
#.# ......# #.#
#.# ...######.#
#.# ##.##.....#
#.# #.##.#####
#####.#########
#.##....#
#...@..@.......
#.#####.#
#.###.#########
#.#####.# #.#
#.......# #.#
######### ..#
###


You could see Sigmund.

Vanquished Creatures
  An ooze (D:1)
  2 dart slugs (D:1)
  A leopard gecko (D:2)
  A goblin (D:1)
  5 hobgoblins (D:1)
  2 kobolds (D:1)
  A quokka (D:2)
  6 bats
  A rat (D:1)
20 creatures vanquished.

Notes
Turn   | Place    | Note
-------+----------+-------------------------------------------
     0 | D:1      | esc the Deep Elf Fire Elementalist began the quest for the Orb.
     0 | D:1      | Reached XP level 1. HP: 10/10 MP: 6/6
     0 | D:1      | Upgraded the game from 0.20-a0-40-gb6e7b4f to 0.20-a0-151-g755e310
   220 | D:1      | Reached XP level 2. HP: 16/16 MP: 5/8
   799 | D:2      | Reached XP level 3. HP: 20/20 MP: 5/10
   869 | D:2      | Noticed Sigmund
   882 | D:2      | Killed from afar by Sigmund

Vault maps used:
D:1:      scummos_arrival_simple_fountains
D:2:      first_bread, uniq_sigmund

Action                   || total
-------------------------++-------
Melee: Club              ||     8
 Cast: Flame Tongue      ||    39
Armor: Robe              ||    15
Dodge: Dodged            ||    28

Vault maps used:
D:1:      scummos_arrival_simple_fountains
D:2:      first_bread, uniq_sigmund

Table legend:
 A = Turns spent in this place as a percentage of turns spent in the entire game.
 B = Non-inter-level travel turns spent in this place as a percentage of non-inter-level travel turns spent in the entire game.
 C = Inter-level travel turns spent in this place as a percentage of turns spent in this place.
 D = Turns resting spent in this place as a percentage of non-inter-level travel turns spent in this place.
 E = Turns spent auto-exploring this place as a percentage of non-inter-level travel turns spent in this place.
 F = Non-inter-level travel turns spent in this place divided by the number of levels of this place that you've seen.
                   A       B       C       D       E      F
               +-------+-------+-------+-------+-------+----------------------
         Total | 100.0 | 100.0 |   0.5 |   5.1 |  15.3 |  98.0
       Dungeon | 100.0 | 100.0 |   0.5 |   5.1 |  15.3 |  98.0
               +-------+-------+-------+-------+-------+----------------------

Table legend:
 A = Kills in this place as a percentage of kills in entire the game.
 B = Kills by you in this place as a percentage of kills by you in the entire game.
 C = Kills by friends in this place as a percentage of kills by friends in the entire game.
 D = Other kills in this place as a percentage of other kills in the entire game.
 E = Experience gained in this place as a percentage of experience gained in the entire game.
 F = Experience gained in this place divided by the number of levels of this place that you have seen.
                   A       B       C       D       E      F
               +-------+-------+-------+-------+-------+----------------------
         Total | 100.0 | 100.0 |  -nan |  -nan | 100.0 |  22.5
       Dungeon | 100.0 | 100.0 |  -nan |  -nan | 100.0 |  22.5
               +-------+-------+-------+-------+-------+----------------------
